 Dungeon Crawl Stone Soup version 0.29.0-13-gc9e81de378 (webtiles) character file.

Game seed: 11251619439045138232

940 raistware the Conjurer (level 8, -6/48 HPs)
             Began as an Octopode Conjurer on Sept 9, 2022.
             Killed from afar by Edmund (9 damage)
             ... with a puff of flame
             ... on level 4 of the Dungeon.
             The game lasted 00:10:26 (4728 turns).

raistware the Conjurer (Octopode Conjurer)          Turns: 4728, Time: 00:10:27

Health: -6/48      AC:  1    Str:  8    XL:     8   Next: 12%
Magic:  1/17       EV: 13    Int: 23    God:
Gold:   125        SH:  0    Dex: 10    Spells: 13/19 levels left

rFire   . . .      SeeInvis .   k - +9 mace of Muzy {vorpal, rPois Str+2}
rCold   . . .      Faith    .   (no shield)
rNeg    . . .      Spirit   .   (helmet restricted)
rPois   +          Reflect  .   (no amulet)
rElec   .          Harm     .   (no ring)
rCorr   .          Rampage  .   (no ring)
Will    .....                   (no ring)
Stlth   +++.......              (no ring)
HPRegen 0.16/turn               (no ring)
MPRegen 0.15/turn               (no ring)
                                (no ring)
                                (no ring)

@: very slightly contaminated
A: almost no armour, amphibious, 8 rings, camouflage 1, gelatinous body 1,
(nimble swimmer 1), tentacles
a: no special abilities


You were on level 4 of the Dungeon.
You visited 1 branch of the dungeon, and saw 5 of its levels.

You collected 125 gold pieces.

Inventory:

Hand Weapons
 k - the +9 mace of Muzy (weapon) {vorpal, rPois Str+2}
   (You found it on level 2 of the Dungeon)

   It inflicts extra damage upon your enemies.
   Str:       It affects your strength (+2).
   rPois:     It protects you from poison.
 q - the +4 flail of Untimely Demise {holy, rPois Will+}
   (You found it on level 3 of the Dungeon)

   It has been blessed by the Shining One to cause great damage to the undead
   and demons.
   rPois:     It protects you from poison.
   Will:      It increases your willpower.
Scrolls
 b - 2 scrolls of fear {unknown}
 c - 5 scrolls of blinking
 f - a scroll of enchant armour {unknown}
 g - a scroll of enchant weapon {unknown}
 i - 3 scrolls of teleportation
 j - a scroll of summoning {unknown}
 l - a scroll of vulnerability {unknown}
 n - a scroll of noise {unknown}
 o - a scroll of amnesia {unknown}
Potions
 a - 2 potions of magic
 d - a potion of attraction
 e - 3 potions of curing
 h - a potion of flight
 m - a potion of invisibility
 p - 2 potions of mutation
 r - a potion of heal wounds
 t - a potion of cancellation {unknown}


   Skills:
 - Level 1.0 Fighting
 - Level 1.0(1.5) Maces & Flails
 - Level 1.7(2.0) Staves
 - Level 2.0 Dodging
 - Level 3.0 Stealth
 + Level 6.1 Spellcasting
 + Level 6.5 Conjurations
 - Level 2.0 Translocations


You had 13 spell levels left.
You knew the following spells:

 Your Spells              Type           Power      Damage    Failure   Level
a - Magic Dart            Conj           100%       1d8       1%          1
b - Iskenderun's Mystic   Conj/Tloc      26%        2d7       14%         4
z - Apportation           Tloc           32%        N/A       3%          1

Your spell library contained the following spells:

 Spells                   Type           Power      Damage    Failure   Level
 Searing Ray              Conj           74%        2d7       1%          2
 Foxfire                  Conj/Fire      88%        2x1d8     2%          1
 Conjure Flame            Conj/Fire      22%        6-21      7%          3
 Dazzling Flash           Conj/Hex       44%        N/A       7%          3
 Flame Wave               Conj/Fire      22%        2d8       22%         4
 Fulminant Prism          Conj/Hex       11%        3d9       22%         4
 Inner Flame              Hex/Fire       7%         N/A       26%         3
 Ozocubu's Armour         Ice            7%         N/A       26%         3
 Alistair's Intoxication  Tmut/Pois      4%         N/A       93%         5
 Metabolic Englaciation   Hex/Ice        3%         N/A       93%         5
 Simulacrum               Ice/Necr       3%         N/A       100%        6


Dungeon Overview and Level Annotations

Branches:
Dungeon (5/15)
 Temple: D:4-7

Altars:
Cheibriados
Elyvilon
Kikubaaqudgha

Annotations:
D:4 Edmund


Innate Abilities, Weirdness & Mutations

You cannot wear most types of armour.
You are amphibious.
You can wear up to eight rings at the same time.
Your skin changes colour to match your surroundings (Stealth+).
Your rubbery body absorbs attacks. (AC +1, EV +1)
((You are camouflaged when in or above water. (Stealth+)))
You have tentacles for arms and can constrict up to eight enemies at once.


Message History

Edmund is heavily wounded.
The magic dart hits Edmund.
Edmund is severely wounded.
You aren't carrying any items that you can evoke.
Unknown command.
The magic dart hits Edmund but does no damage.
Edmund is severely wounded.
Casting: Magic Dart (safe; 1% risk of failure)
Confirm with . or Enter, or press ? or * to list all spells.
The spell is quite dangerous to miscast (14% risk of failure)!
Continue anyway?
You miscast Iskenderun's Mystic Blast.
You are very lightly contaminated with residual magic.
Nothing appears to happen.
Edmund closely misses you.
Unknown command.
The magic dart hits Edmund.
Edmund is severely wounded.
Edmund hits you with a +4 flail of protection.
Casting: Magic Dart (safe; 1% risk of failure)
Confirm with . or Enter, or press ? or * to list all spells.
The spell is quite dangerous to miscast (14% risk of failure)!
Continue anyway?
You erupt in a blast of force!
The mystic blast hits the dart slug!
You kill the dart slug!
The mystic blast hits Edmund but does no damage.
Edmund is severely wounded.
Edmund zaps a wand.
The puff of flame hits you!
Unknown command.
You barely miss Edmund. You grab Edmund. You squeeze Edmund.
Edmund is severely wounded.
You constrict Edmund, but do no damage.
Edmund hits you with a +4 flail of protection!
You hit Edmund.
Edmund is severely wounded.
You constrict Edmund, but do no damage.
Edmund hits you with a +4 flail of protection!
* * * LOW HITPOINT WARNING * * *
You hit Edmund but do no damage. You squeeze Edmund, but do no damage.
Edmund is severely wounded.
You constrict Edmund, but do no damage.
Edmund zaps a wand.
The puff of flame hits you!
You die...

...........#..###
##..@ ..............#
. ~≈≈~~88......## .#.
~≈≈~..###.....###.....
~≈≈~..#...............
≈≈~~......###.###.#...
≈~.#...####...## #
~##... #.....##.#.##.
.. ###...@@......
#.##.#...... ######
..!.. .... ..# ##


You could see Edmund.

Vanquished Creatures
  Pikel (D:4)
  A water moccasin (D:5)
  4 lemures (D:4)
  A howler monkey (D:4)
  A hound (D:4)
  A jelly (D:3)
  An iguana (D:4)
  Ijyb (D:4)
  Natasha (thrice) (D:2)
  A gnoll (D:3)
  5 adders
  5 dart slugs
  6 orcs (D:3)
  6 bats
  9 endoplasms
  A giant cockroach (D:4)
  10 goblins
  7 hobgoblins
  4 jackals
  7 quokkas
  8 ball pythons
  3 frilled lizards
  3 kobolds
  7 rats
96 creatures vanquished.

Vanquished Creatures (others)
  A human (D:3)
1 creature vanquished.

Grand Total: 97 creatures vanquished

Notes
Turn   | Place    | Note
-------+----------+-------------------------------------------
     0 | D:1      | raistware the Octopode Conjurer began the quest for the
                  | Orb.
     0 | D:1      | Reached XP level 1. HP: 11/11 MP: 3/3
    95 | D:1      | Found a faded altar of an unknown god.
   307 | D:1      | Reached XP level 2. HP: 17/17 MP: 2/5
  1148 | D:1      | Learned a level 1 spell: Apportation
  1297 | D:2      | Reached XP level 3. HP: 21/21 MP: 4/7
  1540 | D:2      | Reached skill level 1 in Translocations
  1711 | D:2      | Identified the +9 mace of Muzy {vorpal, rPois Str+2}
  1751 | D:2      | Noticed Natasha
  1756 | D:2      | Killed Natasha
  1757 | D:2      | Reached XP level 4. HP: 22/27 MP: 2/9
  2534 | D:2      | Noticed Natasha
  2536 | D:2      | Killed Natasha
  2537 | D:2      | Reached XP level 5. HP: 31/32 MP: 9/11
  2542 | D:2      | Learned a level 4 spell: Iskenderun's Mystic Blast
  2548 | D:2      | Noticed Natasha
  2552 | D:2      | Killed Natasha
  2553 | D:2      | Reached skill level 1 in Fighting
  2638 | D:3      | Reached skill level 1 in Maces & Flails
  2737 | D:3      | Found a white marble altar of Elyvilon.
  2938 | D:3      | Identified the +4 flail of Untimely Demise {holy, rPois
                  | Will+}
  2939 | D:3      | Identified the +6 whip of Hoxuxush {drain, rF+ Str-3 Dex+5}
  3185 | D:3      | Found a snail-covered altar of Cheibriados.
  3653 | D:3      | Found an ancient bone altar of Kikubaaqudgha.
  3654 | D:3      | Noticed a human
  3656 | D:3      | Killed a human
  3735 | D:4      | Noticed Ijyb
  3776 | D:4      | Noticed Edmund
  3776 | D:4      | Noticed a lemure
  3879 | D:4      | Reached skill level 1 in Staves
  3905 | D:4      | Reached XP level 6. HP: 38/38 MP: 10/12
  3964 | D:4      | Killed Ijyb
  4042 | D:4      | Noticed Pikel
  4187 | D:4      | Killed Pikel
  4188 | D:4      | Reached skill level 5 in Spellcasting
  4188 | D:4      | Reached XP level 7. HP: 26/43 MP: 4/15
  4402 | D:4      | You fall into a shaft and drop 1 floor!
  4402 | D:5      | Entered Level 5 of the Dungeon
  4413 | D:5      | Reached XP level 8. HP: 17/48 MP: 5/17
  4728 | D:4      | Killed from afar by Edmund

Illustrated notes

Levels and vault maps discovered:
D:1:      eino_arrival_cavern_a, layout_basic, shapermc_ecumenical_altar_venn,
          minivault_25, minmay_misc_feat_hallway
D:2:      layout_basic, uniq_natasha
D:3:      layout_basic, elyvilon_altar_5, tgw_kikubaaqudgha,
          mainiacjoe_overflow_alcove_4, minmay_three_crescents
D:4:      wander_river, layout_cave_pools, nicolae_gozag_seed_capital,
          minmay_statues_item, uniq_edmund, uniq_robin, uniq_ijyb, uniq_pikel
D:5:      minmay_skewed_foursquare, layout_loops_ring, nicolae_uskayaw_suspiria,
          minmay_misc_feat_roman, dreamdust_gnoll_farm

Skill      XL: |  1  2  3  4  5  6  7 |
---------------+----------------------+-----
Spellcasting   | 3 4 5 6 |  6.1
Translocations | 1 2 |  2.0
Stealth        | 3 |  3.0
Fighting       | 1 |  1.0
Maces & Flails | 1 |  1.0
Staves         | 1 |  1.7
Conjurations   | 6 |  6.5
Dodging        | |  2.0

Action                   |  1- 3 |  4- 6 |  7- 9 || total
-------------------------+-------+-------+-------++-------
Melee: Mace              |       |    45 |     4 ||    49
       Tentacles         |       |    11 |     2 ||    13
       Constrict         |       |     9 |     1 ||    10
       Punch             |       |     1 |       ||     1
 Cast: Magic Dart        |    55 |    95 |    21 ||   171
       Iskenderun's Myst |       |     1 |     1 ||     2
Evoke: Wand              |       |     5 |     1 ||     6
  Use: Scroll            |       |     4 |     4 ||     8
Armor: Skin              |       |     4 |       ||     4
Dodge: Dodged            |     2 |    40 |     9 ||    51
